 Dungeon Crawl Stone Soup version 0.27-a0-79-gcaaa221d37 (webtiles) character file.

Game seed: 12930650165596319308

753 dickylongcocking the Sneak (level 7, -11/43 HPs)
             Began as a Deep Elf Monk on Jan 15, 2021.
             Killed by divine providence
             ... invoked by an orc priest
              (14 damage)
             ... on level 5 of the Dungeon.
             The game lasted 00:06:18 (6046 turns).

dickylongcocking the Sneak (Deep Elf Monk)          Turns: 6046, Time: 00:06:19

Health: -11/43     AC: 10    Str: 10    XL:     7   Next: 49%
Magic:  8/8        EV: 13    Int: 17    God:
Gold:   219        SH:  0    Dex: 15    Spells: 6/6 levels left

rFire    . . .     SeeInvis .   l - +2 war axe (freeze)
rCold    . . .     Faith    .   (no shield)
rNeg     . . .     Spirit   .   d - +0 ring mail
rPois    .         Reflect  .   j - +0 helmet
rElec    .         Harm     .   f - +2 cloak
rCorr    .         Rampage  .   (no gloves)
Will     .....                  k - +0 pair of boots
Stlth    ++........             (no amulet)
HPRegen  0.14/turn              (no ring)
MPRegen  0.11/turn              (no ring)

@: about to teleport, slowed, very slow
A: clever 1, clumsy 1, low mp 1
a: no special abilities


You were on level 5 of the Dungeon.
You visited 1 branch of the dungeon, and saw 5 of its levels.

You collected 219 gold pieces.

Inventory:

Hand Weapons
 a - a +0 short sword
 l - a +2 war axe of freezing (weapon)
Missiles
 g - 18 poisoned darts (quivered)
Armour
 b - a +0 robe
 c - a -2 helmet
 d - a +0 ring mail (worn)
 f - a +2 cloak (worn)
 j - a +0 helmet (worn)
 k - a +0 pair of boots (worn)
Wands
 n - a wand of polymorph (9)
Scrolls
 h - 4 scrolls of remove curse
Potions
 e - a potion of cancellation
 i - a potion of brilliance


   Skills:
 * Level 4.0 Fighting
 - Level 4.4 Short Blades
 - Level 2.7 Axes
 - Level 2.1 Armour
 - Level 5.0 Dodging
 * Level 5.2 Stealth


You had 6 spell levels left.
You didn't know any spells.
Your spell library was empty.

Dungeon Overview and Level Annotations

Branches:
Dungeon (5/15)
 Temple: D:4-7

Altars:
Dithmenos
Elyvilon

Annotations:
D:1 Natasha


Innate Abilities, Weirdness & Mutations

Your mind is acute. (Int +2)
You are clumsy. (Dex -2)
Your magical capacity is low. (-10% MP)


Message History

The orc priest mumbles some strange prayers to Beogh against you.
Beogh smites you!
* * * LOW HITPOINT WARNING * * *
The orc wizard casts a spell at you. The magic dart hits you.
* * * LOW HITPOINT WARNING * * *
Unknown command.
Okay, then.
Blink to where?
Press: ? - help, Dir - move target
As you read the scroll of blinking, it crumbles to dust.
Unknown command.
Unknown command.
The orc wizard casts a spell at you.
You feel yourself slow down.
As you read the scroll of teleportation, it crumbles to dust.
You feel strangely unstable.
The orc priest mumbles some strange prayers to Beogh against you.
Beogh smites you!
You die...

#....# #........#
#....+ +..[.....#
#....####.<......#
#................#
#................#
#................#
#...............>#
#....##'#........#
#....#..'.@......#
#....#..#........######
#....####o............#
#.....................#
#.....................#
#.....................#
#................######
#.....o..........#
#................#


You could see an orc priest and an orc wizard (fast).

Vanquished Creatures
  Eustachio (D:4)
  Duvessa (D:4)
  2 phantoms
  Dowan (D:4)
  A scorpion (D:4)
  A centaur skeleton (D:4)
  An iguana (D:5)
  A worker ant (D:5)
  A hound skeleton (D:4)
  Robin (D:2)
  2 gnolls (D:2)
  2 adders
  A worm (D:2)
  4 dart slugs
  4 leopard geckos
  2 orcs (D:5)
  8 bats
  3 giant cockroaches
  16 goblins
  11 hobgoblins
  6 jackals
  3 quokkas (D:4)
  4 frilled lizards
  A jackal skeleton (D:4)
  5 kobolds
  A leopard gecko skeleton (D:4)
  7 rats
91 creatures vanquished.

Notes
Turn   | Place    | Note
-------+----------+-------------------------------------------
     0 | D:1      | dickylongcocking the Deep Elf Monk began the quest for the
                  | Orb.
     0 | D:1      | Reached XP level 1. HP: 13/13 MP: 3/3
    47 | D:1      | Reached XP level 2. HP: 9/18 MP: 4/4
  1298 | D:1      | Reached XP level 3. HP: 22/22 MP: 5/5
  1391 | D:1      | Gained mutation: You are clumsy. (Dex -2) [potion of
                  | mutation]
  1391 | D:1      | Gained mutation: Your magical capacity is low. (-10% MP)
                  | [potion of mutation]
  1391 | D:1      | Gained mutation: Your mind is acute. (Int +2) [potion of
                  | mutation]
  2041 | D:2      | Noticed Robin
  2274 | D:2      | Reached XP level 4. HP: 11/27 MP: 5/5
  2293 | D:2      | Killed Robin
  2528 | D:2      | Noticed Natasha
  3937 | D:3      | Found a shadowy altar of Dithmenos.
  3939 | D:3      | Found a white marble altar of Elyvilon.
  4562 | D:4      | Reached skill level 1 in Armour
  4562 | D:4      | Reached XP level 5. HP: 27/32 MP: 6/6
  4637 | D:4      | Noticed Duvessa
  4637 | D:4      | Noticed Dowan
  4659 | D:4      | Killed Duvessa
  4660 | D:4      | Reached skill level 1 in Axes
  4660 | D:4      | Reached XP level 6. HP: 26/37 MP: 7/7
  4673 | D:4      | Killed Dowan
  4777 | D:4      | Noticed Eustachio
  4799 | D:4      | Killed Eustachio
  4800 | D:4      | Reached skill level 5 in Dodging
  5388 | D:3      | Reached XP level 7. HP: 17/41 MP: 8/8
  5696 | D:4      | Reached skill level 5 in Stealth
  5772 | D:5      | Entered Level 5 of the Dungeon
  6040 | D:5      | HP: 2/43 [orc wizard/magic dart (1)]
  6046 | D:5      | Killed from afar by an orc priest

Illustrated notes

Levels and vault maps discovered:
D:1:      scummos_arrival_simple_crosswalls, layout_basic
D:2:      layout_basic, minmay_tiny_reverse_x, uniq_natasha, uniq_robin
D:3:      layout_basic, grunt_temple_overflow_open
D:4:      lemuel_upstairs_altar, layout_basic, uniq_duvessa, uniq_eustachio
D:5:      layout_gridville, minmay_temple_entry_statues_fountains,
          mrwooster_statue_mirror

Skill      XL: |  1  2  3  4  5  6  7 |
---------------+----------------------+-----
Dodging        | 4 5 |  5.0
Stealth        | 3 4 5 |  5.2
Short Blades   | 4 |  4.4
Armour         | 1 2 |  2.1
Fighting       | 3 4 |  4.0
Axes           | 1 2 |  2.7

Action                   |  1- 3 |  4- 6 |  7- 9 || total
-------------------------+-------+-------+-------++-------
Melee: Short sword       |   166 |   176 |       ||   342
       War axe           |       |    96 |    56 ||   152
  Use: Potion            |     6 |     4 |       ||    10
       Scroll            |     3 |     7 |     2 ||    12
 Stab: Sleeping          |     6 |     2 |       ||     8
Armor: Robe              |    19 |       |       ||    19
       Ring mail         |    36 |   165 |    30 ||   231
       Skin              |    15 |       |       ||    15
Dodge: Dodged            |    90 |   218 |    49 ||   357

Table legend: (Time is in decaauts)
 A = Elapsed time spent in this place.
 B = Non-inter-level travel time spent in this place.
 C = Inter-level travel time spent in this place.
 D = Time resting spent in this place.
 E = Time spent auto-exploring this place.
 F = Levels seen in this place.
 G = Mean time per level.
                   A        B        C        D        E       F      G
               +--------+--------+--------+--------+--------+-----+--------+
         Total |   6093 |   5865 |    228 |   2118 |   2455 |   5 | 1218.6 |
       Dungeon |   6093 |   5865 |    228 |   2118 |   2455 |   5 | 1218.6 |
               +--------+--------+--------+--------+--------+-----+--------+

Top non-repeatable levels by time:
     D:1: 2425 daAuts
     D:2: 1347 daAuts
     D:3: 1179 daAuts
     D:4: 860 daAuts
     D:5: 281 daAuts
